 Dungeon Crawl Stone Soup version 0.22-a0-567-gff9aefc (webtiles) character file.

56 theanonym the Skirmisher (level 3, -5/29 HPs)
             Began as a Mummy Chaos Knight on June 29, 2018.
             Killed from afar by Natasha (8 damage)
             ... with a magic dart
             ... on level 1 of the Dungeon.
             The game lasted 00:01:29 (1201 turns).

theanonym the Skirmisher (Mummy Chaos Knight)       Turns: 1201, Time: 00:01:30

Health: -5/29      AC:  6    Str: 16    XL:     3   Next: 69%
Magic:  3/3        EV: 11    Int: 11    God:    Xom [..*...]
Gold:   100        SH:  0    Dex: 11    Spells: 2/2 levels left

rFire    x . .     SeeInvis .   a - +0 falchion (chaos)
rCold    + . .     Gourm    .   (no shield)
rNeg     + + +     Faith    .   b - +2 leather armour
rPois    ∞         Spirit   .   (no helmet)
rElec    .         Reflect  .   (no cloak)
rCorr    .         Harm     .   e - +0 pair of gloves
MR       .....                  (no boots)
Stlth    +.........             (no amulet)
HPRegen  0.09/turn              d - ring of positive energy
MPRegen  0.08/turn              (no ring)

@: slowed, very slow
A: no food or potions, fire vulnerability, cold resistance 1, negative energy
resistance 3, torment resistance, unbreathing
a: Renounce Religion


Innate Abilities, Weirdness & Mutations

You do not eat or drink.
Your flesh is vulnerable to fire.
You are immune to poison.
Your flesh is cold resistant. (rC+)
You are immune to negative energy. (rN+++)
You are immune to unholy pain and torment.
You can survive without breathing.


   Skills:
 + Level 3.6 Fighting
 * Level 3.4 Long Blades
 - Level 1.5 Armour
 - Level 0.7 Dodging
 + Level 0.0 Shields


You had 2 spell levels left.
You didn't know any spells.
Your spell library was empty.

Skill      XL: |  1  2 |
---------------+-------+-----
Long Blades    | 3 |  3.4
Fighting       | |  3.6
Armour         | |  1.5
Dodging        | |  0.7

Action                   || total
-------------------------++-------
Melee: Falchion          ||    60
  Use: Scroll            ||     2
 Stab: Sleeping          ||     1
Armor: Leather armour    ||    29
Dodge: Dodged            ||    41
       Rpst.: Falchion   ||    16

Inventory:

Hand Weapons
 a - a +0 falchion of chaos (weapon)
Armour
 b - a +2 leather armour (worn)
 e - a +0 pair of gloves (worn)
   (You found it on level 1 of the Dungeon)
 g - a +0 helmet
   (You found it on level 1 of the Dungeon)
 j - a +0 buckler
   (You found it on level 2 of the Dungeon)
Jewellery
 d - a ring of positive energy (left hand)
   (You found it on level 1 of the Dungeon)
Wands
 i - a wand of flame (15) {god gift}
   (Xom gifted it to you on level 2 of the Dungeon)
Scrolls
 h - 4 scrolls of enchant weapon


You were on level 1 of the Dungeon.
You worshipped Xom.
You were a toy of Xom.
You were not hungry.

You visited 1 branch of the dungeon, and saw 2 of its levels.

You collected 100 gold pieces.

Dungeon Overview and Level Annotations

Branches:
Dungeon (2/15)

Altars:

Annotations:
D:1 Natasha
D:2 1 runed door

########## #.........
#############.#######.
######....@>.......# ##
#......###########(##
#)###### ##...## #.#
#######†....##
#.########............#
#.....................#
#.########.######..##.#
#..# #.# #..##.#
#..#### #.# #..##.#


There were no monsters in sight!

Notes
Turn   | Place    | Note
-------+----------+-------------------------------------------
     0 | D:1      | theanonym the Mummy Chaos Knight began the quest for the Orb.
     0 | D:1      | Reached XP level 1. HP: 18/18 MP: 1/1
   197 | D:1      | Reached XP level 2. HP: 24/24 MP: 2/2
   419 | D:1      | Reached skill level 3 in Long Blades
   714 | D:2      | Noticed Natasha
   715 | D:2      | XOM: cast spell 'Summon Ice Beast'
   719 | D:2      | Killed Natasha
   719 | D:2      | Reached XP level 3. HP: 21/29 MP: 3/3
   720 | D:2      | XOM: divination: detect creatures
   753 | D:2      | XOM: silly message
   769 | D:2      | Found a runed door.
   813 | D:2      | XOM: mild Tmut miscast
   845 | D:2      | XOM: god gift: iron wand {god gift}
   846 | D:2      | XOM: mild Summ miscast
   985 | D:2      | XOM: mild Tloc miscast
   994 | D:2      | HP: 9/29 [worm (6)]
  1004 | D:2      | Noticed Natasha
  1027 | D:2      | XOM is BORED!
  1027 | D:2      | XOM: mild Air miscast
  1198 | D:1      | HP: 13/29 [something (6)]
  1199 | D:1      | HP: 5/29 [something (8)]
  1201 | D:1      | Killed from afar by Natasha

Vanquished Creatures
  Natasha (D:2)
  An adder (D:2)
  2 worms (D:2)
  A leopard gecko (D:1)
  A bat (D:2)
  4 giant cockroaches (D:1)
  2 goblins (D:1)
  A hobgoblin (D:1)
  A quokka (D:1)
  A frilled lizard (D:1)
  2 kobolds (D:1)
  4 rats (D:1)
21 creatures vanquished.

Vanquished Creatures (collateral kills)
  An adder (D:2)
1 creature vanquished.

Grand Total: 22 creatures vanquished

Table legend:
 A = Turns spent in this place as a percentage of turns spent in the entire game.
 B = Non-inter-level travel turns spent in this place as a percentage of non-inter-level travel turns spent in the entire game.
 C = Inter-level travel turns spent in this place as a percentage of turns spent in this place.
 D = Turns resting spent in this place as a percentage of non-inter-level travel turns spent in this place.
 E = Turns spent auto-exploring this place as a percentage of non-inter-level travel turns spent in this place.
 F = Non-inter-level travel turns spent in this place divided by the number of levels of this place that you've seen.
                   A       B       C       D       E      F
               +-------+-------+-------+-------+-------+----------------------
         Total | 100.0 | 100.0 |   2.4 |  29.4 |  57.1 | 586.0
       Dungeon | 100.0 | 100.0 |   2.4 |  29.4 |  57.1 | 586.0
               +-------+-------+-------+-------+-------+----------------------
